 Dungeon Crawl Stone Soup version 0.27.0-1-g7a089689b8 (webtiles) character file.

Game seed: 11412456410373473655

17382 benadryl the Grappler (level 12, -6/93 (109) HPs)
             Began as a Troll Hunter on July 31, 2021.
             Was a High Priest of Jiyva.
             Mangled by an eight-headed hydra (10 damage)
             ... on level 5 of the Lair of Beasts.
             The game lasted 00:30:19 (11621 turns).

benadryl the Grappler (Troll Hunter)               Turns: 11621, Time: 00:30:19

HP:   -6/93 (109)   AC:  9    Str: 20    XL:     12   Next: 18%
MP:   20/20         EV: 11    Int:  9    God:    Jiyva [*****.]
Gold: 1085          SH:  0    Dex: 15    Spells: 11/11 levels left

rFire    . . .     SeeInvis .     - Unarmed
rCold    . . .     Faith    .   (no shield)
rNeg     . . .     Spirit   .   t - +1 troll leather armour
rPois    .         Reflect  .   b - +2 hat
rElec    .         Harm     .   (no cloak)
rCorr    +         Rampage  .   (gloves unavailable)
Will     .....                  (boots unavailable)
Stlth    ++........             (no amulet)
HPRegen  2.25/turn              e - ring of magical power
MPRegen  0.17/turn              (no ring)

@: mighty, heavily drained
A: large, unfitting armour, claws 3, regeneration 1, shaggy fur 1, tough skin 1,
camouflage 1, frail 1, tendrils
a: Renounce Religion, Request Jelly, Slimify, Cure Bad Mutation


You were on level 5 of the Lair of Beasts.
You worshipped Jiyva.
Jiyva was extremely pleased with you.
You visited 3 branches of the dungeon, and saw 15 of its levels.

You collected 1085 gold pieces.

Inventory:

Hand Weapons
 a - a +1 giant spiked club
Missiles
 d - a throwing net (quivered)
 j - 14 poisoned darts
 n - 202 stones
 u - a curare-tipped dart
Armour
 b - a +2 hat (worn)
 t - a +1 troll leather armour (worn)
Jewellery
 e - a ring of magical power (left claw)
Wands
 f - a wand of polymorph (10)
 p - a wand of charming (5)
Scrolls
 i - 2 scrolls of fog
 o - a scroll of magic mapping
 s - 3 scrolls of identify {@r1}
Potions
 g - a potion of curing {@q1}
 h - a potion of might
 k - a potion of invisibility
 l - a potion of resistance
 m - a potion of lignification
 q - 2 potions of flight
 r - a potion of degeneration


   Skills:
 + Level 8.4 Fighting
 - Level 9.0 Throwing
 - Level 3.8 Armour
 + Level 4.0 Dodging
 - Level 0.3 Stealth
 * Level 13.3 Unarmed Combat


You had 11 spell levels left.
You didn't know any spells.
Your spell library contained the following spells:

 Spells                   Type           Power      Damage    Failure   Level
 Magic Dart               Conj           0%         1d3       43%         1
 Call Imp                 Summ           0%         N/A       56%         2
 Mephitic Cloud           Conj/Pois/Air  0%         N/A       80%         3
 Fireball                 Conj/Fire      0%         3d3       100%        5
 Iskenderun's Battlesphe  Conj           0%         2d6       100%        5
 Conjure Ball Lightning   Conj/Air       0%         3x3d6     100%        6
 Orb of Destruction       Conj           0%         N/A       100%        7


Dungeon Overview and Level Annotations

Branches:
Dungeon (9/15)             Temple (1/1) D:4            Lair (5/6) D:8
 Shoals (0/4) Lair:2       Spider (0/4) Lair:3
  Slime: Lair:5-6       Orc: D:9-12

Altars:
Ashenzari
Cheibriados
Fedhas
Kikubaaqudgha
Nemelex Xobeh
Qazlal
Ru
Sif Muna
Trog
Uskayaw
Vehumet
Wu Jian
Yredelemnul
Zin
The Shining One
Jiyva

Annotations:
D:9 Erica


Innate Abilities, Weirdness & Mutations

You are too large for most types of armour.
You have claws for hands.
Your natural rate of healing is unusually fast.
You are covered in fur. (AC +1)
You have tough skin. (AC +1)
Your skin changes colour to match your surroundings (Stealth+).
You are frail. (-10% HP)
You are covered in slimy tendrils that may disarm your opponents.


Message History

Your Dodging skill increases to level 4!
Throw: 2 large rocks
Press: ? - help, Q - select action, (/) - cycle Shift-Dir - straight line, f - eight-headed hydra
Aim: an eight-headed hydra (82% to hit)
You throw a large rock.
The large rock barely misses the eight-headed hydra.
A komodo dragon comes into view.
Throw: large rock
Press: ? - help, Q - select action, (/) - cycle Shift-Dir - straight line, f/p - eight-headed hydra
Aim: an eight-headed hydra (82% to hit)
You throw a large rock. The komodo dragon hisses angrily.
The large rock hits the eight-headed hydra.
The eight-headed hydra is lightly wounded.
The eight-headed hydra bites you. The eight-headed hydra bites you! x2
The eight-headed hydra barely misses you.
The eight-headed hydra bites you!
The eight-headed hydra closely misses you.
The eight-headed hydra bites you.
The eight-headed hydra bites you but does no damage.
The eight-headed hydra bites you! The eight-headed hydra bites you.
The eight-headed hydra bites you!
* * * LOW HITPOINT WARNING * * *
The eight-headed hydra bites you.
* * * LOW HITPOINT WARNING * * *
The eight-headed hydra bites you but does no damage.
The eight-headed hydra bites you!
* * * LOW HITPOINT WARNING * * *
The eight-headed hydra bites you.
* * * LOW HITPOINT WARNING * * *
The eight-headed hydra barely misses you.
Okay, then.
Okay, then.
You feel very mighty all of a sudden.
The eight-headed hydra barely misses you. x2
The eight-headed hydra bites you!
* * * LOW HITPOINT WARNING * * *
The eight-headed hydra bites you but does no damage.
The eight-headed hydra bites you!
You die...

P..P##..#..#..##.#
..... .>..........
.##...##..#.......
....#....##...##
...........<†..#
.........##..P##
........†.....P#..
..#..!.............
.##....@.......#...
.......D......#....
..#.P...#......#...
...#..P....l..###..
............../. ##
.................
................)
.......(.........
................


You could see an eight-headed hydra and a komodo dragon.

Vanquished Creatures
  A hydra (Lair:4)
  A catoblepas (Lair:3)
  A two-headed ogre (D:8)
  An elephant (Lair:4)
  A black mamba (Lair:2)
  8 cane toads
  3 rime drakes
  3 komodo dragons
  2 polar bears
  A troll (D:8)
  10 blink frogs
  A vampire (D:9)
  2 spriggans (Lair:1)
  A wyvern (Lair:2)
  19 yaks
  3 basilisks
  Edmund (D:5)
  3 water moccasins
  An orc warrior (D:7)
  A black bear (Lair:2)
  A necrophage (D:5)
  2 centaurs (D:8)
  An ogre (D:6)
  15 wolves
  2 kobold brigands (D:9)
  2 gnoll sergeants
  14 bullfrogs
  8 scorpions
  A wyvern skeleton (D:6)
  2 water moccasin skeletons
  5 wights (D:6)
  3 howler monkeys
  2 bullfrog zombies
  A centaur zombie (D:7)
  2 centaur skeletons (D:7)
  7 orc priests
  4 hounds
  2 iguanas
  Natasha (twice) (D:3)
  4 orc wizards
  6 hell rats
  A howler monkey zombie (D:9)
  16 gnolls
  A howler monkey skeleton (D:5)
  10 adders
  An ufetubus (D:6)
  An adder zombie (D:5)
  6 worms
  A dart slug (D:3)
  20 orcs
  8 ball pythons
  9 endoplasms
  6 giant cockroaches
  8 goblins
  3 hobgoblins
  2 jackals (D:3)
  12 kobolds
  3 quokkas
  10 bats
  3 frilled lizards
  3 rats
  A rat zombie (D:4)
275 creatures vanquished.

Vanquished Creatures (others)
  3 wolves
  A centaur (D:8)
  A phantom (D:5)
  A bullfrog (D:8)
  A gnoll sergeant (D:8)
  3 scorpions
  4 killer bees (D:8)
  An electric eel (D:8)
  A centaur zombie (D:7)
  33 jellies
  A hound (D:8)
  An iguana (D:5)
  An adder (D:5)
  2 gnolls (D:8)
  53 fungi
  65 plants
172 creatures vanquished.

Grand Total: 447 creatures vanquished

Notes
Turn   | Place    | Note
-------+----------+-------------------------------------------
     0 | D:1      | benadryl the Troll Hunter began the quest for the Orb.
     0 | D:1      | Reached XP level 1. HP: 19/19 MP: 0/0
   135 | D:1      | Reached skill level 1 in Unarmed Combat
   199 | D:1      | Reached XP level 2. HP: 28/28 MP: 1/1
   758 | D:2      | Reached XP level 3. HP: 35/35 MP: 2/2
   799 | D:2      | Reached skill level 2 in Unarmed Combat
  1144 | D:2      | Found a basalt altar of Yredelemnul.
  1257 | D:2      | Reached XP level 4. HP: 42/42 MP: 3/3
  1431 | D:2      | Found a faded altar of an unknown god.
  1679 | D:3      | Reached skill level 3 in Unarmed Combat
  1713 | D:3      | Reached XP level 5. HP: 49/50 MP: 4/4
  2273 | D:3      | Noticed Natasha
  2282 | D:3      | Killed Natasha
  2313 | D:3      | Noticed Natasha
  2320 | D:3      | Killed Natasha
  2610 | D:4      | Found a shimmering blue altar of Sif Muna.
  2635 | D:4      | Reached skill level 4 in Unarmed Combat
  2742 | D:3      | Reached XP level 6. HP: 9/59 MP: 5/5
  2891 | D:4      | Found a staircase to the Ecumenical Temple.
  2900 | Temple   | Entered the Ecumenical Temple
  2904 | Temple   | Became a worshipper of Jiyva Jyexuf the Shapeless
  3194 | D:4      | Found an ancient bone altar of Kikubaaqudgha.
  3325 | D:5      | Entered Level 5 of the Dungeon
  3336 | D:5      | Found a glowing golden altar of the Shining One.
  3378 | D:5      | Found an ornate altar of the Wu Jian Council.
  3438 | D:5      | Reached skill level 5 in Unarmed Combat
  3459 | D:5      | Found a broken altar of Ashenzari.
  3467 | D:5      | Reached XP level 7. HP: 67/67 MP: 6/6
  3471 | D:5      | Reached skill level 5 in Throwing
  3526 | D:5      | Reached * piety under Jiyva
  3793 | D:5      | Found a glowing silver altar of Zin.
  3832 | D:5      | Noticed Edmund
  3838 | D:5      | Reached skill level 6 in Unarmed Combat
  3892 | D:5      | Killed Edmund
  3950 | D:5      | Reached ** piety under Jiyva
  4333 | D:6      | Reached XP level 8. HP: 70/78 MP: 7/7
  4522 | D:6      | Found a sparkling altar of Nemelex Xobeh.
  4634 | D:6      | Reached skill level 7 in Unarmed Combat
  4901 | D:6      | Identified a scroll of acquirement
  4901 | D:6      | Acquired 722 gold pieces
  5139 | D:6      | Found a sacrificial altar of Ru.
  5520 | D:6      | Reached skill level 8 in Unarmed Combat
  5537 | D:7      | Reached skill level 5 in Fighting
  5580 | D:7      | Found a stormy altar of Qazlal.
  5583 | D:7      | Noticed an air elemental
  6175 | D:8      | Noticed a two-headed ogre
  6183 | D:8      | Killed a two-headed ogre
  6184 | D:8      | Reached XP level 9. HP: 88/88 MP: 8/8
  6193 | D:8      | Reached skill level 9 in Unarmed Combat
  6375 | D:8      | Reached *** piety under Jiyva
  6386 | D:8      | Gained mutation: You are covered in slimy tendrils that may
                  | disarm your opponents. [Jiyva's grace]
  6492 | D:8      | Noticed a troll
  6505 | D:8      | Killed a troll
  6616 | D:8      | Found a staircase to the Lair.
  6741 | D:8      | Found a blossoming altar of Fedhas.
  6746 | D:8      | Noticed a +0 dagger
  6747 | D:8      | Found a hide-covered altar of Uskayaw.
  6749 | D:8      | Noticed a +0 hand axe
  6980 | D:9      | Noticed Erica
  7026 | D:9      | Reached skill level 10 in Unarmed Combat
  7296 | D:9      | Gained mutation: Your skin changes colour to match your
                  | surroundings (Stealth+). [Jiyva's grace]
  7298 | D:9      | Reached **** piety under Jiyva
  7332 | Lair:1   | Entered Level 1 of the Lair of Beasts
  7341 | Lair:1   | Reached XP level 10. HP: 93/98 MP: 9/9
  7436 | Lair:1   | Reached skill level 1 in Armour
  7495 | Lair:1   | Found a snail-covered altar of Cheibriados.
  7533 | Lair:1   | Noticed a cane toad
  7554 | Lair:1   | Killed a cane toad
  7963 | Lair:1   | Reached skill level 11 in Unarmed Combat
  8442 | Lair:2   | Noticed a cane toad
  8524 | Lair:1   | HP: 4/102 [cane toad (17)]
  8592 | Lair:1   | Killed a cane toad
  8593 | Lair:1   | Reached XP level 11. HP: 40/109 MP: 10/10
  9047 | Lair:2   | Reached skill level 12 in Unarmed Combat
  9228 | Lair:2   | Found a staircase to the Shoals.
  9578 | Lair:3   | Noticed a catoblepas
  9584 | Lair:3   | Killed a catoblepas
 10180 | Lair:3   | Found a hole to the Spider Nest.
 10551 | Lair:4   | Noticed a seven-headed hydra
 10565 | Lair:4   | Killed a 13-headed hydra
 10620 | Lair:4   | Reached skill level 13 in Unarmed Combat
 10631 | Lair:4   | Reached XP level 12. HP: 106/120 MP: 11/11
 10739 | Lair:4   | Gained mutation: You are frail. (-10% HP) [Jiyva's grace]
 10901 | Lair:4   | Reached ***** piety under Jiyva
 11367 | Lair:5   | Noticed a five-headed hydra
 11614 | Lair:5   | Noticed an eight-headed hydra
 11621 | Lair:5   | HP: 4/93 [eight-headed hydra (10)]
 11621 | Lair:5   | Mangled by an eight-headed hydra

Illustrated notes

Levels and vault maps discovered:
D:1:      scummos_arrival_simple_fountains, layout_loops_ring
D:2:      layout_basic, basic_ecumenical_altar, kennysheep_flooded_box,
          moated_statue, hangedman_glass_teeth, item_on_display_a
D:3:      layout_loops_corners, uniq_natasha
D:4:      layout_cave_pools, lemuel_zombie_altar_kikubaaqudgha,
          mainiacjoe_overflow_24_doors, temple_fountains, hangedman_decor_lopped
D:5:      layout_gridville, overflow_temple_1_default,
          mainiacjoe_overflow_surrounded_room, nicolae_wu_jian_wuxing_cycle,
          old_standard_altar, abandoned_shop, uniq_edmund
D:6:      layout_basic, lemuel_doored_altar, hangedman_ru_absence
D:7:      layout_loops_ring, nicolae_qazlal_style_of_elements, moated_statue,
          kennysheep_generic_room_3
D:8:      layout_rooms, old_standard_altar, dancing_weapons_uskayaw,
          erik_lair_island, minmay_fractal_squares_gapless_5
D:9:      layout_roguey, lemuel_round_altar, hex_large, uniq_erica
Temple:   pf_slimified_temple
Lair:1:   layout_loops_ring, basic_altar, infiniplex_staircase_pool_2
Lair:2:   layout_gridlike, elwin_shoals_entry_rocks, forest_entry_grove,
          grunt_megastairs_1
Lair:3:   layout_cave_pods, nicolae_spider_entry_non_spiders,
          chequers_serial_rivers_small_b
Lair:4:   layout_loops_ring, grunt_forest_small_clearings
Lair:5:   layout_regular_city

Skill      XL: |  1  2  3  4  5  6  7  8  9 10 11 12 |
---------------+-------------------------------------+-----
Unarmed Combat | 1 2 3 4 5 6 8 10 11 13 | 13.3
Fighting       | 2 3 4 5 6 7 8 |  8.4
Throwing       | 4 5 6 7 8 9 |  9.0
Armour         | 3 |  3.8
Dodging        | 3 4 |  4.0
Stealth        | |  0.3

Action                   |  1- 3 |  4- 6 |  7- 9 | 10-12 || total
-------------------------+-------+-------+-------+-------++-------
Melee: Unarmed           |   110 |   163 |   271 |   390 ||   934
       Punch             |       |     2 |    12 |    26 ||    40
Throw: Large rock        |     1 |     6 |     3 |     8 ||    18
       Stone             |       |       |    15 |    12 ||    27
       Throwing net      |       |       |     1 |     1 ||     2
       Dart              |       |       |     6 |     4 ||    10
  Use: Scroll            |       |     4 |    11 |     3 ||    18
       Potion            |       |       |       |     5 ||     5
 Stab: Sleeping          |     2 |     1 |       |     1 ||     4
       Held in net/web   |       |       |     1 |       ||     1
Armor: Robe              |    46 |    67 |    38 |       ||   151
       Troll leather arm |       |       |    12 |   169 ||   181
       Skin              |       |       |       |     5 ||     5
Dodge: Dodged            |    56 |    74 |   124 |   195 ||   449
